 Dungeon Crawl Stone Soup version 0.31-a0-152-g6aa68a64a1 (webtiles) character file.

Game seed: 12644663100469225465

291 qw the Shooter (level 6, 0/44 (52) HPs)
             Began as a Minotaur Hunter on June 10, 2023.
             Slain by a goblin
             ... wielding a +0 club
              (3 damage)
             ... on level 4 of the Dungeon.
             The game lasted 00:01:00 (2811 turns).

qw the Shooter (Minotaur Hunter)                    Turns: 2811, Time: 00:01:01

HP:   0/44 (52)     AC:  5    Str: 15    XL:     6   Next: 10%
MP:   5/5           EV: 11    Int:  6    God:
Gold: 170           SH:  0    Dex: 16    Spells: 5/5 levels left

rFire   . . .        Y - +0 shortbow
rCold   . . .        (shield currently unavailable)
rNeg    . . .        e - +0 ring mail
rPois   .            (helmet restricted)
rElec   .            (no cloak)
rCorr   .            (no gloves)
SInv    .            (no boots)
Will    .....        (no amulet)
Stlth   +            (no ring)
HPRegen 0.27/turn    (no ring)
MPRegen 0.09/turn

%: no passive effects
@: about to teleport, heavily drained
A: horns 2, retaliatory headbutt
a: no special abilities


You were on level 4 of the Dungeon.
You visited 1 branch of the dungeon, and saw 4 of its levels.

You collected 170 gold pieces.


Innate Abilities, Weirdness & Mutations

You have a pair of horns on your head.
You reflexively headbutt those who attack you in melee.


   Skills:
 - Level 4.0 Fighting
 + Level 7.1 Ranged Weapons
 - Level 2.3 Armour
 - Level 2.1 Dodging
 - Level 0.7 Stealth


You had 5 spell levels left.
You didn't know any spells.
Your spell library was empty.

Inventory:

Hand Weapons
 Y - a +0 shortbow (weapon)
Armour
 e - a +0 ring mail (worn)
Jewellery
 d - a ring of ice
Scrolls
 b - 2 scrolls of vulnerability {unknown}
 c - 4 scrolls of identify
 f - a scroll of enchant weapon {unknown}
 g - a scroll of teleportation
Potions
 a - a potion of curing {unknown}
 h - a potion of heal wounds {unknown}
 i - a potion of ambrosia {unknown}

Dungeon Overview and Level Annotations

Branches:
Dungeon (4/15)
 Temple: D:4-7

Altars:
Cheibriados
Elyvilon
Yredelemnul

Shops:
D:1 [


Message History

The wight is heavily damaged.
The wight hits you with a +2 scimitar!
You feel drained.
You shoot an arrow. The arrow closely misses the wight.
The wight hits you with a +2 scimitar!
You feel drained.
You shoot an arrow.
The arrow hits the wight but does no damage.
The wight is heavily damaged.
The wight hits you with a +2 scimitar!
You feel drained.
2804 ||| READING 3 scrolls of teleportation.
As you read the scroll of teleportation, it crumbles to dust.
You feel strangely unstable. The wight closely misses you.
You shoot an arrow. The arrow hits the wight.
The wight is heavily damaged.
The wight closely misses you. You furiously retaliate!
You headbutt the wight. You shoot an arrow. The arrow closely misses the wight.
Your surroundings suddenly seem different.
A goblin and a ball python come into view.
Found a helmet.
Found a stone staircase leading down.
Enter note:
Enter note: You shoot an arrow.
The goblin shouts!
The arrow hits the ball python but does no damage.
The ball python hisses angrily.
2808 ||| READING 2 scrolls of teleportation.
As you read the scroll of teleportation, it crumbles to dust.
You feel strangely unstable.
You shoot an arrow. The arrow hits the ball python.
The ball python is heavily wounded.
The ball python barely misses you. x2
You shoot an arrow.
The arrow hits the ball python but does no damage.
The ball python is heavily wounded.
The ball python bites you. The ball python barely misses you. x2
The ball python grabs you. The ball python constricts you.
You shoot an arrow. The arrow hits the ball python.
You kill the ball python!
The goblin hits you with a +0 club.
You die...

...### .....###
##...[. ....#..##
#.....# .....#..
#.....# ......## .
##.....# .......###..
#......#
........###..##......#
.........# #.........#
.........###...g@....#
#8#.#8#...#..........#
###'###.<.#.........##
###.###.###....##..##
#_'.'.### #...# #..
###.### #..# #..
#.'.'.# #>.# #.#
###.### #.# ## # +.z.#


You could see a goblin.

Vanquished Creatures
  A necrophage (D:4)
  A human zombie (D:4)
  An orc priest (D:3)
  An orc wizard (D:3)
  An iguana (D:3)
  Terence (D:1)
  A mummy (D:4)
  3 adders
  2 dart slugs
  3 orcs (D:3)
  4 ball pythons
  3 endoplasms
  2 giant cockroaches
  7 hobgoblins
  2 jackals (D:2)
  9 kobolds
  3 quokkas
  4 bats
  3 goblins
  A quokka zombie (D:4)
  8 rats
61 creatures vanquished.

Notes
Turn   | Place    | Note
-------+----------+-------------------------------------------
     0 | D:1      | qw the Minotaur Hunter began the quest for the Orb.
     0 | D:1      | Reached XP level 1. HP: 18/18 MP: 0/0
     0 | D:1      | 0 ||| qw: Version: 0.2-a-122-gbc61b45
     0 | D:1      | 0 ||| qw: Game counter: 3621
     0 | D:1      | 0 ||| qw: Always use a shield: true
     0 | D:1      | 0 ||| qw: God list: Okawaru
     0 | D:1      | 0 ||| qw: Allow faded altars: false
     0 | D:1      | 0 ||| qw: Do Orc after D:15 true
     0 | D:1      | 0 ||| qw: Do second Lair branch before Depths: true
     0 | D:1      | 0 ||| qw: Lair rune preference: random
     0 | D:1      | 0 ||| qw: Plans: Normal
     0 | D:1      | 0 ||| PLANNING D:1-11
   333 | D:1      | Reached XP level 2. HP: 25/25 MP: 1/1
   375 | D:1      | Found Dochoemp's Antique Armour Boutique.
   378 | D:1      | 378 ||| SHOPLISTING ripped robe (136 gold, have 8).
   391 | D:1      | Reached skill level 5 in Ranged Weapons
   596 | D:1      | 596 ||| UPGRADING to +0 ring mail.
   606 | D:1      | 606 ||| DROPPING +0 leather armour.
   624 | D:1      | 624 ||| READING scroll labelled UGGU BOSELYICS.
   631 | D:1      | 631 ||| READING 2 scrolls labelled WUCRIFRA VEUFO.
   651 | D:1      | 651 ||| DROPPING scroll of butterflies.
   697 | D:2      | Noticed Terence
   702 | D:2      | 702 ||| STAIRDANCE
   710 | D:1      | Killed Terence
   711 | D:1      | Reached XP level 3. HP: 14/30 MP: 2/2
   872 | D:2      | Reached skill level 3 in Fighting
  1227 | D:2      | Reached XP level 4. HP: 38/38 MP: 3/3
  1378 | D:2      | 1378 ||| READING 2 scrolls labelled HYORCHOENT.
  1379 | D:2      | 1379 ||| READING scroll labelled UFAPIE EKUJY.
  1380 | D:2      | 1380 ||| DROPPING scroll of noise.
  1457 | D:3      | Found a snail-covered altar of Cheibriados.
  1457 | D:3      | Found a white marble altar of Elyvilon.
  1510 | D:3      | Reached skill level 6 in Ranged Weapons
  2076 | D:3      | Reached XP level 5. HP: 13/46 MP: 4/4
  2115 | D:3      | 2115 ||| FLEEEEING.
  2116 | D:3      | 2116 ||| FLEEEEING.
  2452 | D:3      | 2452 ||| READING scroll labelled TUD ODESTIHUPO.
  2601 | D:4      | Found a basalt altar of Yredelemnul.
  2672 | D:4      | Reached skill level 7 in Ranged Weapons
  2672 | D:4      | Reached XP level 6. HP: 37/52 MP: 5/5
  2803 | D:4      | HP: 5/46 [wight/+2 scimitar (11)]
  2803 | D:4      | HP: 1/44 [wight/+2 scimitar (4)]
  2804 | D:4      | 2804 ||| READING 3 scrolls of teleportation.
  2808 | D:4      | 2808 ||| READING 2 scrolls of teleportation.
  2810 | D:4      | HP: 2/44 [ball python (1)]
  2811 | D:4      | Slain by a goblin

Levels and vault maps discovered:
D:1:      lightli_molten_gateway, layout_loops_ring, serial_shops,
          nicolae_shop_behind_doors
D:2:      layout_basic, uniq_terence
D:3:      layout_loops_ring, mainiacjoe_overflow_divided_tiny, minivault_25,
          grunt_decor_junction
D:4:      layout_cave_pods, lemuel_mausoleum_altar_yredelemnul,
          nicolae_figureground_sparkle, uniq_grinder

Skill      XL: |  1  2  3  4  5 |
---------------+----------------+-----
Ranged Weapons | 5 6 7 |  7.1
Armour         | 2 |  2.3
Fighting       | 3 4 |  4.0
Dodging        | |  2.1
Stealth        | |  0.7

Action                     |  1- 3 |  4- 6 || total
---------------------------+-------+-------++-------
   Fire: Shortbow          |    82 |   138 ||   220
    Use: Scroll            |     2 |     5 ||     7
 Armour: Ring mail         |    11 |    17 ||    28
  Dodge: Dodged            |    23 |    35 ||    58

Table legend:
 A = Non-vault XP
 B = Vault XP
 C = Vault XP percentage of total XP
 D = Non-vault monster count
 E = Vault monster count
 F = Vault count percentage of total count
                 A         B        C        D         E       F
            +---------+---------+-------+---------+---------+-------
      Total |     241 |     178 |  42.5 |      56 |       5 |   8.2
            +---------+---------+-------+---------+---------+-------
        D:1 |      15 |      32 |  68.1 |      10 |       1 |   9.1
        D:2 |      60 |       0 |   0.0 |      22 |       0 |   0.0
        D:3 |     158 |       0 |   0.0 |      20 |       0 |   0.0
        D:4 |       8 |     146 |  94.8 |       4 |       4 |  50.0
            +---------+---------+-------+---------+---------+-------
